Map: Dusk Towers

Players

Scarlett - Winner!

  • Race: Zerg Zerg
  • League: Grandmaster

Pokebunny

  • Race: Terran Terran
  • League: Grandmaster

VOD

Have the link to the VOD?

Description

Time

  • Played on: April 7, 2016, 7:24 p.m.
  • Length: 9:43
Show
View Real Time Build Order
Export as new Build Order

Scarlett Zerg - Winner!

Build Orders: Hatch First, Muta Ling Bane 

Get SALT Encoding   

  12  0:01  Drone  
  13  0:09  Drone  
  14  0:17  Overlord  
  14  0:24  Drone, Extractor  
  15  0:37  Drone x2  
  17  0:48  Drone  
  18  0:56  Hatchery  
  17  0:57  Drone  
  18  1:10  Spawning Pool  
  17  1:16  Drone x2  
  19  1:30  Drone  
  20  1:41  Hatchery  
  20  1:45  Overlord  
  19  1:52  Drone  
  20  1:57  Queen  
  22  2:08  Queen  
  24  2:09  Zergling x2  
  24  2:13  Zergling x2  
  26  2:17  Drone  
  26  2:20  Drone  
  28  2:23  Drone  
  29  2:31  Drone  
  29  2:33  Queen  
  32  2:41  Overlord, Drone  
  32  2:45  Queen  
  34  2:52  Queen  
  34  2:54  Drone  
  37  3:07  Drone  
  37  3:08  Drone x2, Queen  
  37  3:09  Drone  
  41  3:14  Drone x2  
  43  3:21  Drone  
  43  3:22  Drone x2, Overlord  
  43  3:26  Drone x2  
  48  3:34  Overlord, Extractor  
  48  3:35  Extractor  
  48  3:37  Extractor  
  48  3:41  Drone x5  
  47  3:43  Drone  
  47  3:47  Drone  
  47  3:48  Drone x2  
  54  3:57  Drone  
  54  3:58  Drone x5  
  54  4:00  Drone  
  61  4:08  Drone x4  
  65  4:10  Overlord  
  65  4:13  Overlord  
  65  4:15  Overlord  
  65  4:22  Overlord  
  65  4:26  Metabolic Boost  
  65  4:30  Drone x5, Spore Crawler  
  69  4:32  Lair  
  69  4:34  Drone x2  
  69  4:37  Drone x2  
  73  4:46  Drone x3, Evolution Chamber  
  73  4:47  Evolution Chamber  
  73  4:49  Baneling Nest  
  73  4:52  Drone x3  
  76  4:56  Drone  
  76  4:57  Drone x4, Extractor  
  76  4:59  Extractor  
  79  5:00  Extractor  
  79  5:02  Zergling x4  
  80  5:09  Zergling x8  
  80  5:13  Zerg Melee Weapons Level 1  
  80  5:14  Zerg Ground Armor Level 1  
  84  5:19  Drone  
  84  5:20  Drone  
  86  5:26  Overlord x2, Spore Crawler  
  86  5:27  Drone  
  86  5:28  Drone x5  
  91  5:31  Centrifical Hooks  
  91  5:34  Baneling  
  91  5:41  Spire  
  90  5:43  Zergling x12  
  96  5:51  Zergling x6  
  99  5:57  Hatchery  
  99  5:59  Zergling x14  
  99  6:01  Baneling x8  
  99  6:02  Baneling x2  
  105  6:09  Overlord x3  
  105  6:14  Overlord x3  
  104  6:30  Drone, Pneumatized Carapace  
  105  6:39  Hatchery  
  97  6:40  Zergling x16  
  97  6:46  Overseer  
  105  6:49  Baneling  
  105  6:50  Baneling x4  
  105  6:53  Overseer x2  
  105  6:56  Mutalisk  
  105  6:57  Mutalisk x5  
  105  6:59  Zergling x14  
  124  7:06  Zerg Flyer Weapons Level 1  
  124  7:07  Zergling x4  
  126  7:12  Zergling x4  
  126  7:13  Zerg Melee Weapons Level 2  
  128  7:19  Zergling x6  
  131  7:24  Zerg Ground Armor Level 2  
  131  7:26  Zergling x16  
  123  7:39  Mutalisk x2  
  123  7:40  Zergling x2  
  123  7:41  Zergling x8  
  119  7:46  Zergling x2  
  119  7:47  Zergling x2  
  121  7:53  Infestation Pit  
  121  7:55  Zergling x2  
  121  7:56  Zergling x22  
  127  8:00  Baneling x7  
  127  8:01  Baneling x4  
  127  8:06  Hatchery  
  127  8:08  Mutalisk  
  127  8:09  Extractor  
  127  8:11  Drone x3  
  130  8:13  Drone x3, Extractor  
  130  8:17  Zergling x2  
  133  8:21  Zergling x6  
  133  8:24  Zergling x8  
  140  8:30  Zergling x6  
  143  8:39  Drone x9  
  152  8:42  Spine Crawler  
  152  8:43  Overlord x2  
  152  8:45  Overlord  
  151  8:54  Mutalisk x2  
  155  8:57  Zergling x4  
  155  9:05  Zergling x18  
  164  9:10  Zergling x4  
  164  9:11  Zergling x6  
  163  9:18  Zergling x16  
Show
View Real Time Build Order
Export as new Build Order

Pokebunny Terran 

Build Orders: Reaper Expand, MMM Bio 

Get SALT Encoding   

  12  0:01  SCV  
  13  0:13  SCV  
  14  0:18  Supply Depot  
  14  0:25  SCV  
  15  0:39  SCV  
  15  0:41  Barracks  
  16  0:43  Refinery  
  16  0:51  SCV  
  17  1:03  SCV  
  18  1:15  SCV  
  19  1:28  Orbital Command  
  19  1:29  Reaper  
  20  1:39  Command Center  
  20  1:48  Supply Depot  
  20  1:54  SCV  
  21  2:02  Reaper  
  21  2:06  SCV  
  23  2:18  SCV  
  24  2:23  Command Center  
  24  2:43  Barracks, SCV  
  25  2:44  Refinery  
  25  2:45  Barracks Reactor  
  25  2:53  Orbital Command  
  25  2:55  SCV  
  26  3:11  SCV  
  27  3:15  Barracks  
  27  3:18  Factory  
  27  3:19  SCV  
  28  3:23  Marine, SCV  
  28  3:24  Marine  
  31  3:33  Barracks Tech Lab  
  31  3:36  SCV  
  31  3:37  Orbital Command  
  31  3:38  SCV  
  33  3:43  Marine  
  33  3:44  Marine  
  35  3:49  SCV  
  35  3:50  SCV  
  35  3:52  Marine, Stimpack  
  38  4:03  SCV  
  38  4:04  Refinery x2, SCV x2  
  38  4:09  Starport  
  41  4:11  Factory Reactor  
  41  4:12  Barracks Reactor  
  41  4:17  SCV x3  
  44  4:26  Engineering Bay  
  44  4:28  Marine x2  
  44  4:29  Engineering Bay, Marine  
  47  4:35  SCV  
  47  4:36  SCV x2  
  50  4:49  Marine x5  
  55  4:54  Terran Infantry Armor Level 1, Terran Infantry Weapons Level 1  
  55  4:55  SCV x2  
  55  4:56  Factory Tech Lab  
  58  5:01  Medivac  
  58  5:03  Supply Depot  
  58  5:06  Medivac  
  61  5:09  Supply Depot  
  61  5:20  Orbital Command  
  61  5:21  Supply Depot  
  61  5:25  Marine x4, SCV x2  
  67  5:30  Marine, Supply Depot x2  
  68  5:37  SCV x2  
  68  5:39  Siege Tank  
  73  5:43  Barracks  
  73  5:45  Barracks, Supply Depot  
  73  5:53  SCV x3  
  73  5:56  Marine, Combat Shields  
  73  5:57  Marine x2  
  77  5:58  Marine  
  77  6:00  Marine  
  81  6:11  Siege Tank  
  81  6:12  Medivac x2  
  88  6:21  Marine x2  
  88  6:22  Marine x3  
  88  6:23  SCV  
  88  6:25  Supply Depot, SCV x2  
  93  6:30  Armory  
  92  6:42  Marine x3  
  92  6:43  Barracks Reactor x2, Marine x2  
  92  6:44  Siege Tank  
  92  6:47  SCV x2  
  101  6:48  Refinery  
  101  6:49  SCV  
  102  6:58  Supply Depot  
  102  6:59  SCV x2  
  104  7:01  SCV  
  104  7:07  Marine  
  104  7:08  Marine x4  
  110  7:19  Missile Turret  
  110  7:20  Missile Turret  
  110  7:21  Siege Tank, Marine  
  110  7:22  Marine x3, Missile Turret  
  115  7:24  SCV  
  115  7:25  SCV x2  
  92  7:44  Marine x2  
  92  7:45  Marine x6  
  92  7:46  Marine  
  95  7:56  Siege Tank, Medivac x2  
  97  7:59  SCV x2  
  97  8:00  SCV  
  97  8:02  Barracks, Marine  
  97  8:03  Barracks  
  97  8:05  Barracks  
  101  8:06  Marine x3  
  101  8:07  Marauder  
  101  8:11  SCV x2  
  101  8:12  SCV  
  109  8:13  Missile Turret  
  109  8:20  Marine x2  
  109  8:21  Marine x2  
  113  8:28  Siege Tank, Marauder  
  113  8:30  Medivac x2  
  122  8:39  Marine  
  122  8:40  Marine x3  
  125  8:52  Command Center  
  125  8:56  Barracks Reactor, Barracks Tech Lab  
  125  8:57  Barracks Tech Lab  
  125  9:01  Supply Depot  
  125  9:02  Marine x4  
  124  9:03  Marine, Supply Depot  
  124  9:05  Marauder  
  115  9:18  Marine x4  
  101  9:24  Marine x2  
  101  9:25  Marine x3  
  81  9:39  Command Center  
Tags
 
Add a new tag
Caveats
  • Supply blocks, unpowered buildings, or Contaminate may cause inaccurate times.
  • Supply counts are checked every 10 seconds.